 Dungeon Crawl Stone Soup version 0.29.0-13-gc9e81de378 (webtiles) character file.

Game seed: 17417965460880744903

50 avis the Ruffian (level 3, 0/29 HPs)
             Began as a Demigod Transmuter on Sept 10, 2022.
             Slain by a hobgoblin (4 damage)
             ... on level 1 of the Dungeon.
             The game lasted 00:08:19 (1907 turns).

avis the Ruffian (Demigod Transmuter)               Turns: 1907, Time: 00:08:20

Health: 0/29       AC:  2    Str: 21    XL:     3   Next: 35%
Magic:  8/8        EV: 12    Int: 15    God:
Gold:   100        SH:  0    Dex: 14    Spells: 2/6 levels left

rFire   . . .      SeeInvis .     - Unarmed
rCold   + . .      Faith    .   (no shield)
rNeg    . . .      Spirit   .   a - +0 robe
rPois   .          Reflect  .   (helmet currently unavailable)
rElec   .          Harm     .   (no cloak)
rCorr   .          Rampage  .   (no gloves)
Will    .....                   (boots currently unavailable)
Stlth   +.........              (no amulet)
HPRegen 0.09/turn               c - ring of protection from cold
MPRegen 0.11/turn               i - +6 ring of strength

@: appendages (expiring)
A: horns 2, talons 2, high MP 1, forlorn, divine attributes
a: End Transformation


You were on level 1 of the Dungeon.
You had temporarily grown beastly horns and talons.
You visited 1 branch of the dungeon, and saw 2 of its levels.

You collected 100 gold pieces.

Inventory:

Hand Weapons
 b - a +0 sling
 f - a +1 dagger of speed
Armour
 a - a +0 robe (worn)
Jewellery
 c - a ring of protection from cold (left hand)
 i - a +6 ring of strength (right hand)
Scrolls
 e - a scroll of teleportation {unknown}
 g - a scroll of immolation {unknown}
 h - a scroll of torment {unknown}
Potions
 d - a potion of lignification


   Skills:
 - Level 2.0 Fighting
 - Level 2.0 Dodging
 * Level 3.3 Unarmed Combat
 - Level 2.0 Spellcasting
 - Level 2.0 Transmutations


You had 2 spell levels left.
You knew the following spells:

 Your Spells              Type           Power      Damage    Failure   Level
a - Beastly Appendage     Tmut           14%        N/A       10%         1
p - Spider Form           Tmut/Pois      4%         N/A       41%         3

Your spell library contained the following spells:

 Spells                   Type           Power      Damage    Failure   Level
 Wereblood                Tmut           7%         N/A       14%         2
 Summon Small Mammal      Summ           4%         N/A       22%         1
 Call Canine Familiar     Summ           1%         N/A       54%         3
 Gell's Gravitas          Tloc           1%         N/A       54%         3
 Lesser Beckoning         Tloc           1%         N/A       54%         3
 Summon Guardian Golem    Hex/Summ       1%         N/A       54%         3
 Teleport Other           Tloc           1%         N/A       54%         3
 Ice Form                 Ice/Tmut       4%         N/A       82%         4


Dungeon Overview and Level Annotations

Branches:
Dungeon (2/15)


Innate Abilities, Weirdness & Mutations

You have temporarily grown beastly horns and talons.
You have an increased reservoir of magic. (+10% MP)
You shall have no god before yourself.
Your divine heritage dramatically boosts your attributes as you level up.


Message History

* * * LOW HITPOINT WARNING * * *
You hit the jackal but do no damage.
The jackal bites you but does no damage.
The jackal closely misses you.
You hit the jackal. You claw the jackal.
You kill the jackal!
The jackal barely misses you.
You hit the jackal. You claw the jackal.
The jackal is severely wounded.
The jackal closely misses you.
You closely miss the jackal. Your kick misses the jackal.
Your headbutt misses the jackal.
The jackal is severely wounded.
The jackal closely misses you. x2
You hit the jackal.
You kill the jackal!
The jackal bites you.
* * * LOW HITPOINT WARNING * * *
You barely miss the jackal. The jackal bites you.
* * * LOW HITPOINT WARNING * * *
You hit the jackal. You claw the jackal, but do no damage.
The jackal is severely wounded.
Your transformation is almost over.
The jackal bites you but does no damage.
You closely miss the jackal. Your kick misses the jackal.
Your headbutt misses the jackal.
The jackal is severely wounded.
The jackal barely misses you. The jackal misses you.
You hit the jackal. You claw the jackal.
You kill the jackal!
You hit the rat.
You kill the rat!
You completely miss the hobgoblin. Your kick misses the hobgoblin.
Your headbutt misses the hobgoblin. The hobgoblin barely misses you.
You hit the hobgoblin but do no damage. You hit the hobgoblin.
You claw the hobgoblin. Your headbutt misses the hobgoblin.
The hobgoblin is almost dead.
The hobgoblin hits you.
You die...

######## #......#
#.##.#.#
#####.#....##########
#..)............@g..#
......#...#########.#
..###.##.## ##.# ..#
#.##.# ##.h## ..#
#.##.# ##.rg.## ..#
#.##+## #......# .##
#.#...## ##....## .#
#......## ####..##
.####.......###......#


You could see a hobgoblin.

Vanquished Creatures
  2 dart slugs
  4 bats
  5 endoplasms
  2 giant cockroaches (D:1)
  6 goblins (D:1)
  3 hobgoblins (D:1)
  4 jackals (D:1)
  A quokka (D:1)
  3 ball pythons
  3 frilled lizards (D:1)
  4 kobolds (D:1)
  4 rats (D:1)
41 creatures vanquished.

Notes
Turn   | Place    | Note
-------+----------+-------------------------------------------
     0 | D:1      | avis the Demigod Transmuter began the quest for the Orb.
     0 | D:1      | Reached XP level 1. HP: 15/15 MP: 5/5
   104 | D:1      | Reached skill level 1 in Fighting
   595 | D:1      | Reached skill level 3 in Unarmed Combat
   774 | D:1      | Reached XP level 2. HP: 22/23 MP: 5/7
  1476 | D:1      | Reached XP level 3. HP: 29/29 MP: 6/8
  1627 | D:1      | Learned a level 3 spell: Spider Form
  1907 | D:1      | Slain by a hobgoblin

Illustrated notes

Levels and vault maps discovered:
D:1:      minmay_arrival_three_doors, layout_loops_corners, st_stairs_10,
          minmay_distorted
D:2:      layout_basic, ebering_ecumenical_altar_petrified

Skill      XL: |  1  2 |
---------------+-------+-----
Fighting       | 1 2 |  2.0
Unarmed Combat | 3 |  3.3
Dodging        | 2 |  2.0
Spellcasting   | 2 |  2.0
Transmutations | 2 |  2.0

Action                   || total
-------------------------++-------
Melee: Unarmed           ||   100
       Kick              ||    23
       Headbutt          ||    12
 Cast: Beastly Appendage ||    23
Armor: Robe              ||    16
Dodge: Dodged            ||    76
